 Dungeon Crawl Stone Soup version 0.23-a0-536-g5e0f5a2 (webtiles) character file.

4 AlfredoSauce the Skirmisher (level 1, 0/18 HPs)
             Began as a Formicid Abyssal Knight on Dec 6, 2018.
             Was a Follower of Lugonu.
             Slain by a frilled lizard (1 damage)
             ... on level 1 of the Dungeon.
             The game lasted 00:01:11 (98 turns).

AlfredoSauce the Skirmisher (Formicid Abyssal Knight) Turns: 98, Time: 00:01:12

Health: 0/18       AC:  3    Str: 16    XL:     1   Next: 77%
Magic:  2/2        EV: 11    Int: 11    God:    Lugonu [*.....]
Gold:   0          SH:  0    Dex: 10    Spells: 0/0 levels left

rFire    . . .     SeeInvis +   a - +1 mace
rCold    . . .     Gourm    .   (no shield)
rNeg     . . .     Faith    .   b - +0 leather armour
rPois    .         Spirit   .   (helmet unavailable)
rElec    .         Reflect  .   (no cloak)
rCorr    .         Harm     .   (no gloves)
MR       .....                  (no boots)
Stlth    +.........             (no amulet)
HPRegen  0.06/turn              (no ring)
MPRegen  0.08/turn              (no ring)

@: no status effects
A: permanent stasis, dig shafts and tunnels, four strong arms, antennae 3
a: Dig, Shaft Self, Depart the Abyss, Renounce Religion


You were on level 1 of the Dungeon.
You worshipped Lugonu.
Lugonu was aware of your devotion.
You were not hungry.

You visited 1 branch of the dungeon, and saw 1 of its levels.
You visited the Abyss 1 time.

Inventory:

Hand Weapons
 a - a +1 mace (weapon)
Armour
 b - a +0 leather armour (worn)
Potions
 d - a potion of mutation {unknown}
Comestibles
 c - a ration


   Skills:
 + Level 3.6 Fighting
 + Level 2.0 Maces & Flails
 + Level 2.2 Armour
 + Level 0.8 Dodging
 + Level 2.2 Invocations


You couldn't memorise any spells.
You didn't know any spells.
Your spell library was empty.

Dungeon Overview and Level Annotations

Branches:
Dungeon (1/15)

Altars:


Innate Abilities, Weirdness & Mutations

You cannot be hasted, slowed, berserked, paralysed or teleported.
You can dig through walls and to a lower floor.
Your four strong arms can wield two-handed weapons with a shield.
You have a pair of large antennae on your head. (SInv)


Message History

* * * LOW HITPOINT WARNING * * *
You barely miss the frilled lizard. The jackal barely misses you.
The frilled lizard barely misses you. The jackal barely misses you.
The jackal bites you but does no damage.
The frilled lizard bites you but does no damage.
You miss the frilled lizard. The jackal barely misses you.
The jackal misses you. The jackal bites you.
* * * LOW HITPOINT WARNING * * *
The frilled lizard barely misses you.
The jackal bites you but does no damage.
You hit the jackal.
The jackal is moderately wounded.
The jackal barely misses you. x2
The frilled lizard bites you but does no damage.
The jackal closely misses you.
You sock the jackal!
You kill the jackal!
Lugonu accepts your kill. The jackal barely misses you.
The frilled lizard bites you.
You die...

#......h.#......... #.#
#.≈≈≈≈≈≈≈≈≈≈#.# ...
#.###≈≈≈≈≈≈≈≈≈≈≈≈.##...
#.##≈≈≈≈≈≈≈≈≈≈≈≈≈≈....
#.#≈≈≈8≈≈≈≈≈≈≈≈8≈≈≈h#
#.#≈≈≈≈≈≈≈≈≈≈≈≈≈≈≈≈.#
#.#≈≈≈≈≈≈≈≈≈...≈≈≈≈†#
#.#≈≈≈≈≈≈≈lh≈≈≈.≈≈.##
###.#≈≈≈≈≈≈≈@†≈≈≈≈..≈#
##....≈..≈≈≈≈.<≈≈≈≈≈≈≈....#
##.###..≈≈.≈≈≈.≈≈≈≈≈≈≈≈#####
#.## #.≈≈≈≈...≈≈≈≈≈≈≈≈≈# #.#
##≈≈≈≈≈≈≈≈≈≈≈≈≈≈≈≈# ###.##
#≈≈≈8≈≈≈≈≈≈≈≈8≈≈≈#
.....###..≈≈≈≈≈≈≈≈≈≈≈≈≈≈##
#####...#.#≈≈≈≈≈≈≈≈≈≈≈≈.#
##.##.##≈≈≈≈≈≈≈≈≈≈#..


You could see a jackal and a frilled lizard.

Vanquished Creatures
  A giant cockroach (D:1)
  2 jackals (D:1)
  A goblin (D:1)
4 creatures vanquished.

Notes
Turn   | Place    | Note
-------+----------+-------------------------------------------
     0 | Abyss:1  | AlfredoSauce the Formicid Abyssal Knight began the quest
                  | for the Orb.
     0 | Abyss:1  | Reached XP level 1. HP: 18/18 MP: 2/2
    12 | D:1      | Escaped the Abyss
    98 | D:1      | Slain by a frilled lizard

Vault maps used:
D:1:      nzn_arrival_water_spiral, serial_forest, infiniplex_forest_end_3,
          infiniplex_forest_clump_curved, infiniplex_forest_zigzag_1,
          infiniplex_forest_end_2, infiniplex_forest_straight_3,
          infiniplex_forest_clump_diagonal, infiniplex_forest_lined_3_way,
          okawaru_ov_weapons_minmay

Action                   || total
-------------------------++-------
Melee: Mace              ||    16
Armor: Leather armour    ||     6
Dodge: Dodged            ||    17

Table legend:
 A = Non-vault XP
 B = Vault XP
 C = Vault XP percentage of total XP
 D = Non-vault monster count
 E = Vault monster count
 F = Vault count percentage of total count
                 A         B        C        D         E       F
            +---------+---------+-------+---------+---------+-------
      Total |       7 |       0 |   0.0 |       4 |       0 |   0.0
            +---------+---------+-------+---------+---------+-------
        D:1 |       7 |       0 |   0.0 |       4 |       0 |   0.0
            +---------+---------+-------+---------+---------+-------
